 Dungeon Crawl Stone Soup version 0.25.1-2-g60ff931df9 (webtiles) character file.

Game seed: 7140091454090027109

14943 gruber the Carver (level 11, -9/99 HPs)
             Began as a Minotaur Fighter on Dec 2, 2020.
             Was a High Priest of Okawaru.
             Mangled by a minotaur
             ... wielding a +2 morningstar of protection
              (36 damage)
             ... in a Gauntlet.
             The game lasted 00:14:49 (13548 turns).

gruber the Carver (Minotaur Fighter)               Turns: 13548, Time: 00:14:49

Health: -9/99      AC: 11    Str: 21    XL:     11   Next: 95%
Magic:  5/10       EV: 13    Int:  8    God:    Okawaru [*****.]
Gold:   634        SH: 17    Dex: 10    Spells: 10/10 levels left

rFire    . . .     SeeInvis .   M - +3 long sword (freeze)
rCold    + . .     Gourm    .   c - +0 kite shield
rNeg     . . .     Faith    .   N - +0 troll leather armour
rPois    .         Spirit   .   H - +2 hat {MR+}
rElec    .         Reflect  +   I - +0 cloak
rCorr    .         Harm     .   (no gloves)
MR       +....     NoTele   +   y - +0 pair of boots
Stlth    +.........             L - amulet of reflection
HPRegen  0.66/turn              i - ring of protection from cold
MPRegen  0.12/turn              (no ring)

@: no status effects
A: retaliatory headbutt, horns 2
a: Heroism, Finesse, Renounce Religion


You were in a Gauntlet.
You worshipped Okawaru.
Okawaru was extremely pleased with you.
You were not hungry.

You visited 2 branches of the dungeon, and saw 13 of its levels.
You also visited: Gauntlet.

You collected 777 gold pieces.
You spent 143 gold pieces at shops.

Inventory:

Hand Weapons
 M - a +3 long sword of freezing (weapon)
Missiles
 t - 10 javelins
 w - 23 poisoned darts (quivered)
Armour
 c - a +0 kite shield (worn)
 y - a +0 pair of boots (worn)
 H - a +2 hat of magic resistance (worn)
 I - a +0 cloak (worn)
 N - a +0 troll leather armour (worn)
Jewellery
 i - a ring of protection from cold (left hand)
 q - an uncursed amulet of the acrobat
 L - an amulet of reflection (around neck)
Wands
 u - a wand of digging (4)
 G - a wand of clouds (3)
 P - a wand of acid (6)
Scrolls
 a - 3 scrolls of silence {unknown}
 e - 2 scrolls of magic mapping {unknown}
 h - 4 scrolls of amnesia {unknown}
 k - 11 scrolls of teleportation
 n - 2 scrolls of enchant armour {unknown}
 o - 5 scrolls of identify
 p - 3 scrolls of immolation {unknown}
 r - a scroll of fog {unknown}
 v - a scroll of noise {unknown}
 z - 8 scrolls of remove curse {unknown}
 A - 2 scrolls of enchant weapon {unknown}
 E - 4 scrolls of fear {unknown}
 F - 2 scrolls of blinking {unknown}
Potions
 d - 2 potions of might
 j - 3 potions of brilliance
 l - a potion of berserk rage
 m - 5 potions of haste
 s - 4 potions of curing
 x - 6 potions of flight
 B - 4 potions of invisibility
 C - a potion of resistance
 D - 2 potions of heal wounds
Miscellaneous
 g - a lightning rod (4/4)
Comestibles
 b - 10 chunks of flesh
 f - 12 rations


   Skills:
 - Level 10.0 Fighting
 - Level 13.3 Long Blades
 - Level 11.0 Armour
 - Level 6.5 Dodging
 * Level 11.1 Shields


You had 10 spell levels left.
You didn't know any spells.
Your spell library contained the following spells:

 Spells                   Type           Power        Failure   Level  Hunger
 Beastly Appendage        Tmut           #.....       63%         1    ##.....
 Magic Dart               Conj           #...         63%         1    ##.....
 Searing Ray              Conj           #.....       77%         2    ###....
 Sticks to Snakes         Tmut           #.......     77%         2    ###....
 Dazzling Flash           Conj/Hex       #.....       94%         3    ####...
 Spider Form              Tmut/Pois      #.........   94%         3    ####...
 Fulminant Prism          Conj/Hex       #.........   100%        4    #####..
 Ice Form                 Ice/Tmut       #.......     100%        4    #####..
 Iskenderun's Mystic Bla  Conj/Tloc      #.......     100%        4    #####..
 Blade Hands              Tmut           #.........   100%        5    ######.


Dungeon Overview and Level Annotations

Branches:
Dungeon (12/15)            Temple (1/1) D:6            Lair (0/6) D:10
    Orc (0/2) D:11        Gauntlet (1/1)

Altars:
Ashenzari
Cheibriados
Dithmenos
Elyvilon
Fedhas
Gozag
Hepliaklqana
Kikubaaqudgha
Makhleb
Nemelex Xobeh
Okawaru
Qazlal
Ru
Sif Muna
Trog
Uskayaw
Vehumet
Wu Jian
Xom
Yredelemnul
Zin
The Shining One

Shops:
D:5 ?   D:10 %

Annotations:
Gauntlet 4 runed translucent doors, 6 transporters


Innate Abilities, Weirdness & Mutations

You reflexively headbutt those who attack you in melee.
You have a pair of horns on your head.


Message History

The minotaur is heavily wounded.
You slash the minotaur! You freeze the minotaur.
Your headbutt misses the minotaur.
The minotaur is heavily wounded.
The minotaur is engulfed in freezing vapours.
You block the minotaur's attack. The minotaur barely misses you.
You hit the minotaur. You freeze the minotaur.
You headbutt the minotaur, but do no damage.
The minotaur is severely wounded.
You hit the minotaur but do no damage.
The minotaur is severely wounded.
The minotaur hits you with a +2 morningstar of protection!
* * * LOW HITPOINT WARNING * * *
You block the minotaur's attack.
You hit the minotaur.
You headbutt the minotaur, but do no damage.
The minotaur is severely wounded.
The minotaur is engulfed in freezing vapours.
The minotaur hits you with a +2 morningstar of protection!!!
You die...

#####.## ....#.≈##...#
#.#.#.≈≈#.8.#
...[#.≈##...#
©#.§#.###.8.#############
.#..#..##...##..........#
###.#...#.8.##.########.#
....#.∩.#...##.#.H§§..#.#
#####...#.©.##.#@# #.#
#.....8.#......#(# #.#
#####...#.©.####.######.#
.#=$#.∩.#...# #........#
..###...#.8.# ##########
##.##..##...#
©#.©#.###.8.#
..###.≈##...#
##.##.≈≈#.8.#


You could see a minotaur.

Vanquished Creatures
  A ghost crab (Gauntlet)
  A two-headed ogre (D:9)
  3 death yaks (D:10)
  Urug (D:11)
  A skeletal warrior (D:11)
  An unseen horror (D:11)
  A necromancer (Gauntlet)
  A cyclops (D:11)
  2 centaur zombies
  Joseph (D:8)
  A centaur skeleton (D:11)
  An ice devil (Gauntlet)
  A troll (D:10)
  4 polar bears
  3 hippogriffs
  A wyvern (D:8)
  5 yaks (D:10)
  A hungry ghost (D:8)
  A water moccasin (D:10)
  A black bear (D:6)
  4 ice beasts
  2 sky beasts (D:9)
  3 orc warriors
  3 ogres
  A phantom (D:6)
  7 wolves
  3 centaurs
  5 big kobolds
  2 bullfrogs
  A gnoll sergeant (D:7)
  2 scorpions
  10 wights
  5 howler monkeys
  An electric eel (D:10)
  3 crimson imps
  A bullfrog zombie (D:6)
  A quasit (D:8)
  7 jellies
  8 hounds
  4 bullfrog skeletons
  3 orc priests
  A gnoll shaman (D:7)
  3 iguanas
  Terence (D:2)
  4 orc wizards
  10 worker ants
  A killer bee zombie (D:6)
  2 hound skeletons (D:4)
  A howler monkey zombie (D:9)
  Robin (D:3)
  13 gnolls
  6 adders
  4 shadow imps
  8 white imps
  An ooze (D:2)
  An adder skeleton (D:5)
  2 adder zombies (D:6)
  6 worms
  2 dart slugs
  6 leopard geckos
  23 orcs
  20 goblins
  10 hobgoblins
  8 jackals
  3 quokkas
  A ball python (D:2)
  5 bats
  4 frilled lizards
  34 kobolds
  A leopard gecko zombie (D:8)
  A quokka skeleton (D:9)
  8 rats
299 creatures vanquished.

Vanquished Creatures (others)
  A white imp (D:10)
  An orc (D:8)
2 creatures vanquished.

Grand Total: 301 creatures vanquished

Notes
Turn   | Place    | Note
-------+----------+-------------------------------------------
     0 | D:1      | gruber the Minotaur Fighter began the quest for the Orb.
     0 | D:1      | Reached XP level 1. HP: 19/19 MP: 0/0
   179 | D:1      | Reached skill level 3 in Long Blades
   182 | D:1      | Reached XP level 2. HP: 26/26 MP: 1/1
   621 | D:2      | Reached skill level 4 in Long Blades
   713 | D:2      | Reached XP level 3. HP: 31/31 MP: 2/2
   766 | D:2      | Found a snail-covered altar of Cheibriados.
   766 | D:2      | Found a glowing silver altar of Zin.
   767 | D:2      | Found a shimmering altar of Xom.
   927 | D:2      | Reached skill level 5 in Long Blades
   960 | D:2      | Noticed Terence
   967 | D:2      | Killed Terence
   967 | D:2      | Reached XP level 4. HP: 38/39 MP: 3/3
   990 | D:2      | Found an ancient bone altar of Kikubaaqudgha.
   991 | D:2      | Found a blossoming altar of Fedhas.
  1339 | D:3      | Noticed Robin
  1383 | D:3      | Reached skill level 6 in Long Blades
  1566 | D:3      | You fall into a shaft and drop 1 floor!
  1570 | D:4      | Reached XP level 5. HP: 45/45 MP: 4/4
  1608 | D:4      | Reached skill level 7 in Long Blades
  1617 | D:4      | HP: 1/45 [orc priest/divine providence (10)]
  1879 | D:4      | Reached XP level 6. HP: 45/51 MP: 5/5
  2238 | D:3      | Noticed an ice beast
  2251 | D:3      | Killed an ice beast
  2251 | D:3      | Reached skill level 8 in Long Blades
  2337 | D:3      | Killed Robin
  2823 | D:3      | Reached skill level 9 in Long Blades
  2968 | D:4      | Reached XP level 7. HP: 43/57 MP: 6/6
  3337 | D:4      | Reached skill level 1 in Dodging
  3531 | D:4      | Found a shimmering blue altar of Sif Muna.
  3942 | D:5      | Entered Level 5 of the Dungeon
  4310 | D:5      | Reached skill level 5 in Armour
  4359 | D:5      | Found Myjab's Magic Scroll Boutique.
  4361 | D:5      | Bought a scroll of identify for 26 gold pieces
  4361 | D:5      | Bought a scroll of teleportation for 39 gold pieces
  4361 | D:5      | Bought a scroll of identify for 26 gold pieces
  4361 | D:5      | Bought a scroll of identify for 26 gold pieces
  4367 | D:5      | Bought a scroll of identify for 26 gold pieces
  4764 | D:6      | Found a staircase to the Ecumenical Temple.
  4801 | Temple   | Entered the Ecumenical Temple
  5049 | D:6      | Reached XP level 8. HP: 40/64 MP: 7/7
  5165 | D:6      | Found a white marble altar of Elyvilon.
  5402 | D:6      | Reached skill level 5 in Shields
  6436 | D:7      | Got a transparent war axe
  6437 | D:7      | Identified the cursed +3 war axe "Pivvom" {freeze, Dex+4}
                  | (You found it on level 7 of the Dungeon)
  6604 | D:7      | Found an iron altar of Okawaru.
  6612 | D:7      | Became a worshipper of Warmaster Okawaru
  6688 | D:7      | Reached skill level 5 in Dodging
  6688 | D:7      | Reached XP level 9. HP: 62/70 MP: 8/8
  6748 | D:7      | Found a bloodstained altar of Trog.
  7046 | D:7      | Found a shimmering altar of Xom.
  7119 | D:8      | Noticed Joseph
  7143 | D:8      | Killed Joseph
  7359 | D:8      | Reached * piety under Okawaru
  7404 | D:8      | Reached skill level 5 in Fighting
  7531 | D:8      | Noticed a polar bear
  7532 | D:8      | Noticed a polar bear
  7822 | D:9      | Noticed a two-headed ogre
  7847 | D:9      | Killed a two-headed ogre
  7847 | D:9      | Reached ** piety under Okawaru
  7851 | D:9      | HP: 3/84 [acid (5)]
  8301 | D:9      | Reached XP level 10. HP: 79/93 MP: 9/9
  8558 | D:9      | Reached skill level 10 in Fighting
  9292 | D:10     | Entered Level 10 of the Dungeon
  9468 | D:8      | Reached skill level 10 in Long Blades
 10293 | D:8      | Reached skill level 11 in Long Blades
 10399 | D:10     | Reached *** piety under Okawaru
 10654 | D:10     | Reached skill level 12 in Long Blades
 10843 | D:10     | Noticed a death yak
 10844 | D:10     | Noticed a death yak
 10875 | D:10     | Killed a death yak
 10875 | D:10     | Reached **** piety under Okawaru
 10883 | D:10     | Killed a death yak
 10883 | D:10     | Reached skill level 13 in Long Blades
 10884 | D:10     | Reached XP level 11. HP: 36/99 MP: 8/10
 11265 | D:10     | Noticed a death yak
 11291 | D:10     | Killed a death yak
 11293 | D:10     | Reached ***** piety under Okawaru
 11489 | D:10     | Found a staircase to the Lair.
 11799 | D:10     | Found Leikurr's Food Shop.
 12125 | D:11     | Killed an unseen horror
 12125 | D:11     | Reached skill level 10 in Armour
 12134 | D:11     | Noticed a skeletal warrior
 12179 | D:11     | Killed a skeletal warrior
 12529 | D:11     | Found a staircase to the Orcish Mines.
 12624 | D:11     | Received a gift from Okawaru
 12850 | D:11     | Noticed Urug
 12864 | D:11     | Killed Urug
 13149 | D:12     | Found a gate leading to a gauntlet.
 13172 | Gauntlet | Entered a Gauntlet
 13172 | Gauntlet | Found a runed translucent door.
 13172 | Gauntlet | Found a transporter.
 13172 | Gauntlet | Found a runed translucent door.
 13172 | Gauntlet | Found a transporter.
 13180 | Gauntlet | Found a transporter.
 13184 | Gauntlet | Found a transporter.
 13189 | Gauntlet | Noticed a necromancer
 13192 | Gauntlet | Found a transporter.
 13196 | Gauntlet | Found a transporter.
 13204 | Gauntlet | Found the +10 tower shield of Ignorance {rN+ Int-4}
 13205 | Gauntlet | Found a transporter.
 13221 | Gauntlet | Found a transporter.
 13224 | Gauntlet | Noticed a ghost crab
 13235 | Gauntlet | Found a transporter.
 13239 | Gauntlet | Found a transporter.
 13241 | Gauntlet | Found a runed translucent gate.
 13241 | Gauntlet | Found a runed translucent gate.
 13241 | Gauntlet | Found a runed translucent gate.
 13247 | Gauntlet | Found a transporter.
 13251 | Gauntlet | Found a transporter.
 13256 | Gauntlet | Noticed a death ooze
 13307 | Gauntlet | Reached skill level 10 in Shields
 13404 | Gauntlet | Killed a necromancer
 13439 | Gauntlet | Noticed an entropy weaver
 13464 | Gauntlet | Killed a ghost crab
 13516 | Gauntlet | Identified the ring "Cuvvuimm" {rC+ rCorr Int+3}
 13516 | Gauntlet | Noticed a minotaur
 13548 | Gauntlet | Mangled by a minotaur

Illustrated notes

Levels and vault maps discovered:
D:1:      wander_arrival_estate, layout_basic
D:2:      layout_basic, nicolae_overflow_hidden_temple, first_ration,
          uniq_terence
D:3:      layout_loops_ring, uniq_robin
D:4:      layout_basic, led_sif_book
D:5:      layout_loops_ring, serial_shops, nicolae_shop_trees
D:6:      minmay_bubble_buster, layout_basic, temple_pool_b, elyvilon_altar_5
D:7:      layout_loops_ring, bloody_trog, lemuel_crystal_altar,
          lemuel_tele_altar
D:8:      layout_cave_pods, serial_ice, serial_ice_g, serial_ice_c,
          serial_ice_h, serial_ice_k, uniq_joseph
D:9:      layout_loops_corners, serial_bayou, serial_bayou_pond_e,
          serial_bayou_pond_b, serial_bayou_lagoon_a, serial_bayou_pond_d
D:10:     layout_basic, dpeg_lair_monsters, serial_shops, shop, serial_ice,
          serial_ice_e, serial_ice_f, serial_ice_m, serial_ice_n, serial_ice_a,
          serial_ice_h
D:11:     minmay_ornate_pinched, layout_irregular_city, david_orc_2,
          serial_glass, glass_columns_a, glass_columns_b, feat_on_display,
          item_on_display_b, item_on_display_a, uniq_urug
D:12:     layout_roguey [special_room_bee], biasface_ghost_orc_armoury,
          gauntlet_entry_generic
Temple:   zaba_magenta_temple
Gauntlet: minmay_gauntlet_77_indecision [minmay_gauntlet_arena_77_cramped,
          minmay_gauntlet_arena_77_checkered, minmay_gauntlet_arena_77_squiggly,
          minmay_gauntlet_arena_77_run_for_it,
          minmay_gauntlet_arena_77_tiled_triplets,
          minmay_gauntlet_arena_77_broken_ladder, gauntlet_exit_spiral]

Skill      XL: |  1  2  3  4  5  6  7  8  9 10 11 |
---------------+----------------------------------+-----
Long Blades    | 3 4 5 6 7 9 13 | 13.3
Armour         | 6 7 11 | 11.0
Shields        | 4 8 11 | 11.1
Dodging        | 2 5 6 |  6.5
Fighting       | 9 10 | 10.0

Action                   |  1- 3 |  4- 6 |  7- 9 | 10-12 || total
-------------------------+-------+-------+-------+-------++-------
Melee: Long sword        |    60 |   109 |       |   478 ||   647
       Headbutt          |    10 |    28 |    84 |   121 ||   243
       Short sword       |       |    83 |   442 |     7 ||   532
Throw: Dart              |       |       |     8 |       ||     8
       Javelin           |       |       |     3 |       ||     3
Invok: Heroism           |       |       |       |     7 ||     7
       Finesse           |       |       |       |     1 ||     1
Evoke: Wand              |       |       |       |     1 ||     1
  Use: Scroll            |       |       |    10 |     2 ||    12
       Potion            |       |       |       |     1 ||     1
  Eat: Chunk             |       |     7 |    13 |    13 ||    33
       Ration            |       |       |     1 |     2 ||     3
Armor: Scale mail        |    28 |    63 |   119 |    62 ||   272
       Troll leather arm |       |       |       |    22 ||    22
Dodge: Dodged            |    18 |    34 |   186 |   167 ||   405
Block: Kite shield       |    30 |    68 |   216 |   234 ||   548
       Reflection        |       |       |       |     1 ||     1
       Rpst.: Long sword |     5 |     5 |       |    36 ||    46
